Map: Abyssal Reef LE

Players

Zanster - Winner!

  • Race: Zerg Zerg
  • Spawn Location: 5:00

Sluskis

  • Race: Zerg Zerg
  • Spawn Location: 11:00

Event: WCS Jonkoping 2017

VOD

Have the link to the VOD?

Description

Time

  • Played on: June 17, 2017, 11:15 a.m.
  • Length: 5:52

All games in this series

Show
View Real Time Build Order
Export as new Build Order

Zanster Zerg - Winner!

Build Orders: Hatch First 

Get SALT Encoding   

  12  0:00  Drone  
  13  0:12  Overlord  
  13  0:16  Drone  
  14  0:30  Drone  
  14  0:31  Drone  
  14  0:34  Drone  
  17  0:52  Hatchery  
  17  0:54  Drone  
  17  0:57  Drone  
  18  1:08  Extractor  
  17  1:13  Spawning Pool  
  17  1:16  Drone  
  17  1:19  Drone  
  18  1:28  Drone  
  19  1:39  Overlord  
  19  2:01  Queen  
  19  2:02  Zergling x4  
  19  2:05  Queen, Spine Crawler  
  19  2:06  Zergling x2  
  25  2:13  Zergling x2  
  26  2:15  Metabolic Boost  
  26  2:20  Zergling x2  
  27  2:27  Zergling x4  
  28  2:40  Queen  
  30  2:45  Zergling x6  
  31  2:52  Zergling x2  
  28  2:58  Zergling x4  
  28  3:04  Zergling x2  
  28  3:05  Queen  
  25  3:13  Zergling x4  
  26  3:23  Zergling x2  
  26  3:24  Zergling x6  
  29  3:28  Zergling x2  
  27  3:35  Queen  
  27  3:38  Zergling x2  
  29  3:42  Zergling x2  
  29  3:47  Zergling x4  
  32  3:58  Queen  
  27  4:10  Zergling x8  
  27  4:16  Queen  
  32  4:20  Zergling x2  
  33  4:27  Overlord  
  33  4:31  Drone  
  34  4:32  Drone  
  35  4:46  Zergling x8  
  36  5:01  Baneling Nest, Drone x3  
  38  5:08  Drone  
  38  5:09  Zergling x2  
  38  5:10  Zergling x2  
  41  5:16  Zergling x2  
  41  5:18  Zergling x2  
  43  5:26  Overlord  
Show
View Real Time Build Order
Export as new Build Order

Sluskis Zerg 

Build Orders: Pool Only, Zergling Baneling 

Get SALT Encoding   

  12  0:00  Drone  
  13  0:13  Extractor  
  12  0:25  Spawning Pool  
  11  0:29  Drone  
  11  0:33  Drone  
  13  0:38  Drone  
  14  0:50  Overlord  
  14  1:12  Zergling x6  
  14  1:16  Metabolic Boost  
  17  1:27  Queen  
  17  1:32  Zergling x2  
  20  1:38  Zergling x2  
  21  1:47  Baneling Nest  
  21  1:51  Zergling x2  
  21  2:01  Overlord  
  21  2:20  Zergling x4  
  23  2:32  Zergling x2  
  23  2:33  Baneling  
  23  2:34  Baneling  
  23  2:35  Baneling x2  
  24  2:38  Zergling x4  
  26  2:47  Baneling  
  21  3:00  Zergling x2  
  21  3:01  Zergling x4  
  23  3:11  Baneling  
  23  3:18  Zergling x6  
  23  3:38  Zergling x4  
  25  3:41  Baneling  
  25  3:42  Baneling  
  25  3:43  Baneling x2  
  25  3:59  Baneling  
  20  4:11  Zergling x8  
  22  4:27  Zergling x2  
  22  4:28  Zergling x6  
  25  4:47  Zergling x2  
  25  4:52  Baneling x3  
  25  4:56  Zergling x6  
  28  5:11  Baneling x2  
  28  5:13  Zergling x4  
  30  5:17  Baneling  
  30  5:19  Baneling  
Tags
 
Add a new tag
Caveats
  • Supply blocks, unpowered buildings, or Contaminate may cause inaccurate times.
  • Supply counts are checked every 10 seconds.